 Dungeon Crawl Stone Soup version 0.32-a0-616-g9348d4545b (webtiles) character file.

Game seed: 11043975809198508481

37 Aldia the Trooper (level 3, -3/37 HPs)
             Began as an Oni Warper on Mar 5, 2024.
             Slain by Sigmund
             ... wielding a +0 scythe
              (4 damage)
             ... on level 2 of the Dungeon.
             The game lasted 00:01:30 (1216 turns).

Aldia the Trooper (Oni Warper)                      Turns: 1216, Time: 00:01:30

Health: -3/37      AC:  3    Str: 17    XL:     3   Next: 39%
Magic:  6/6        EV:  9    Int: 14    God:
Gold:   108        SH:  0    Dex:  8    Spells: 4/6 levels left

rFire   . . .        a - +0 mace
rCold   . . .        (no shield)
rNeg    . . .        b - +0 robe
rPois   .            (helmet restricted)
rElec   .            (no cloak)
rCorr   .            (gloves unavailable)
SInv    .            (boots unavailable)
Will    .....        (no amulet)
Stlth   +            (no ring)
HPRegen 0.26/turn    (no ring)
MPRegen 0.10/turn

%: no passive effects
@: confused
A: large, unfitting armour, horns 1, tough skin 1, double potion healing,
drunken brawling
a: no special abilities


You were on level 2 of the Dungeon.
You visited 1 branch of the dungeon, and saw 2 of its levels.

You collected 108 gold pieces.

Inventory:

Hand Weapons
 a - a +0 mace (weapon)
Missiles
 d - 7 darts of dispersal (quivered)
Armour
 b - a +0 robe (worn)
Jewellery
 i - an amulet of reflection
Scrolls
 c - a scroll of blinking
 e - 2 scrolls of immolation {unknown}
 f - a scroll of acquirement {unknown}
 h - 3 scrolls of fear {unknown}
 j - a scroll of revelation {unknown}
 k - a scroll of poison {unknown}
Potions
 g - a potion of curing {unknown}


   Skills:
 + Level 3.6 Fighting
 * Level 3.2 Maces & Flails
 - Level 1.0 Throwing
 - Level 2.1 Dodging
 - Level 2.4 Spellcasting
 - Level 2.6 Translocations


You had 4 spell levels left.
You knew the following spells:

 Your Spells              Type           Power      Damage    Failure   Level
a - Blink                 Tloc           18%        N/A       12%         2

Your spell library contained the following spells:

 Spells                   Type           Power      Damage    Failure   Level
 Lesser Beckoning         Tloc           18%        N/A       12%         2
 Teleport Other           Tloc           9%         N/A       22%         3
 Call Canine Familiar     Summ           1%         N/A       56%         3
 Sigil of Binding         Hex            1%         N/A       56%         3
 Manifold Assault         Tloc           9%         N/A       58%         4
 Dimensional Bullseye     Hex/Tloc       2%         N/A       78%         4
 Vhi's Electric Charge    Tloc/Air       10%        N/A       78%         4


Dungeon Overview and Level Annotations

Branches:
Dungeon (2/15)

Altars:

Annotations:
D:2 Sigmund


Innate Abilities, Weirdness & Mutations

You are too large for most types of armour.
You have a pair of small horns on your head.
You have tough skin. (AC +1)
You gain doubled healing and magic from potions.
Whenever you drink a healing potion, you attack all around you.


Message History

Found 11 gold pieces.
Sigmund shouts!
Sigmund is nearby!
Sigmund hits you but does no damage.
Okay, then.
You thump Sigmund!
Sigmund is moderately wounded.
Sigmund points at you and mumbles some strange words.
The magic dart hits you!
Sigmund says, "Don't worry, I'll kill you fast."
Sigmund casts a spell.
Sigmund flickers and vanishes!
Deactivating autopickup; reactivate with Ctrl-A.
You closely miss something. Something hits you!
You closely miss something. Something hits you.
Unknown command.
Okay, then.
You aren't carrying any items that you can evoke.
Okay, then.
You miss something. You barely miss something. Something hits you.
You miss something. Your headbutt misses something. Something hits you.
* * * LOW HITPOINT WARNING * * *
You barely miss something. Something completely misses you.
You miss something. Your headbutt misses something.
You hear some strange, mumbled words.
A magic dart appears from out of thin air!
The magic dart hits you!
* * * LOW HITPOINT WARNING * * *
You closely miss something. Your headbutt misses something. Something hits you.
* * * LOW HITPOINT WARNING * * *
You barely miss something.
You hear some strange, mumbled words.
You are confused.
You bump into the rock wall.
Something hits you but does no damage.
You bump into the rock wall.
Something hits you.
* * * LOW HITPOINT WARNING * * *
Something hits you.
You die...

#.....#####+########....
#.....###....#######....
#..................#....
#.#######...............
#....$..###'#.####.##...
###.....# #.............
#.....# #.#####.###...
#.....# #..####.# #...
#...{@# #........ #...
#.....# #..####.# #...
#####.###..### #...
#..........# #...
#.............# #...
#..........####.#...
####### +..........#
#.#.#+ #.....#
#.#..........# #.#.#
##<##.# #.#..........#
#.#.#


There were no monsters in sight!

Vanquished Creatures
  An adder (D:2)
  An endoplasm (D:1)
  A giant cockroach (D:2)
  2 goblins
  8 jackals (D:2)
  2 quokkas
  A ball python (D:2)
  3 bats
  A frilled lizard (D:2)
  A kobold (D:2)
  6 rats
27 creatures vanquished.

Notes
Turn   | Place    | Note
-------+----------+-------------------------------------------
     0 | D:1      | Aldia the Oni Warper began the quest for the Orb.
     0 | D:1      | Reached XP level 1. HP: 22/22 MP: 3/3
   563 | D:2      | Reached XP level 2. HP: 27/31 MP: 5/5
   847 | D:2      | Reached XP level 3. HP: 33/37 MP: 6/6
  1021 | D:2      | Learned a level 2 spell: Blink
  1200 | D:2      | Noticed Sigmund
  1215 | D:2      | HP: 1/37 [something (5)]
  1216 | D:2      | Slain by Sigmund

Illustrated notes

Levels and vault maps discovered:
D:1:      psy_arrival_radial02, layout_rooms
D:2:      layout_basic, minmay_misc_feat_five, uniq_sigmund

Skill      XL: |  1  2 |
---------------+-------+-----
Fighting       | 3 |  3.6
Maces & Flails | 3 |  3.2
Throwing       | |  1.0
Dodging        | |  2.1
Spellcasting   | |  2.4
Translocations | |  2.6

Action                     || total
---------------------------++-------
  Melee: Mace              ||    76
         Headbutt          ||     9
   Stab: Sleeping          ||     1
 Armour: Robe              ||    64
  Dodge: Dodged            ||    57

Table legend: (Time is in decaauts)
 A = Elapsed time spent in this place.
 B = Non-inter-level travel time spent in this place.
 C = Inter-level travel time spent in this place.
 D = Time resting spent in this place.
 E = Time spent auto-exploring this place.
 F = Levels seen in this place.
 G = Mean time per level.
                   A        B        C        D        E       F      G
               +--------+--------+--------+--------+--------+-----+--------+
         Total |   1235 |   1220 |     15 |      0 |   1020 |   2 |  617.5 |
       Dungeon |   1235 |   1220 |     15 |      0 |   1020 |   2 |  617.5 |
               +--------+--------+--------+--------+--------+-----+--------+

Top non-repeatable levels by time:
     D:2: 742 daAuts
     D:1: 493 daAuts
